TOP OF THE 1ST |
Pulaski Yankees batting - Pitching for Texas (APP) Rangers : RHP Tyler Bach
|
Pitching: RHP Tyler Bach
|
|
Batting: LHB Joel Vera
|
0-0: Foul Ball, location: 2F 0-1: Foul Ball, location: 2F 0-2: SINGLE (Line Drive, 6MD, EV 100.0 MPH)
|
Batting: LHB Dan Morris
|
0-0: Ball 1-0: Called Strike 1-1: Swinging Strike 1-2: Strikes out swinging
|
Batting: SHB Blake Abbott
|
0-0: Ball Joel Vera steals 2nd base 1-0: Foul Ball, location: 2F 1-1: Swinging Strike 1-2: Strikes out swinging
|
Batting: RHB Bobby Melillo
|
0-0: Ball 1-0: Foul Ball, location: 2F 1-1: Foul Ball, location: 2F 1-2: Foul Ball, location: 2F 1-2: Strikes out swinging
|
Top of the 1st over - 0 runs, 1 hit, 0 errors, 1 left on base; Pulaski 0 - Texas (APP) 0 |
BOTTOM OF THE 1ST |
Texas (APP) Rangers batting - Pitching for Pulaski Yankees : RHP Eric Aguilar
|
Pitching: RHP Eric Aguilar
|
|
Batting: LHB Walter Vegter
|
0-0: Called Strike 0-1: Ball 1-1: Ground out 4-3 (Groundball, 34D, EV 98.8 MPH)
|
Batting: RHB Jay De Angelis
|
0-0: Ball 1-0: Foul Ball, location: 2F 1-1: Ball 2-1: SINGLE (Line Drive, 56D, EV 99.4 MPH)
|
Batting: LHB Tomoya Hashimoto
|
0-0: Called Strike 0-1: Ball Jay De Angelis is caught stealing 2nd base 2-6 1-1: Swinging Strike 1-2: Fly out, F9 (Flyball, 9, EV 75.0 MPH)
|
Bottom of the 1st over - 0 runs, 1 hit, 0 errors, 0 left on base; Pulaski 0 - Texas (APP) 0 |
TOP OF THE 2ND |
Pulaski Yankees batting - Pitching for Texas (APP) Rangers : RHP Tyler Bach
|
Batting: RHB Colby Macon
|
0-0: Called Strike 0-1: Called Strike 0-2: Ball 1-2: Foul Ball, location: 2F 1-2: Strikes out swinging
|
Batting: SHB Joe Fure
|
0-0: Ball 1-0: Ball 2-0: Called Strike 2-1: Swinging Strike 2-2: Ground out 6-3 (Groundball, 6, EV 91.9 MPH)
|
Batting: RHB Johannes Gutermuth
|
0-0: Called Strike 0-1: Fly out, F8 (Flyball, 89M, EV 91.3 MPH)
|
Top of the 2nd over - 0 runs, 0 hits, 0 errors, 0 left on base; Pulaski 0 - Texas (APP) 0 |
BOTTOM OF THE 2ND |
Texas (APP) Rangers batting - Pitching for Pulaski Yankees : RHP Eric Aguilar
|
Batting: RHB Robby Adair
|
0-0: Fly out, F8 (Flyball, 78S, EV 85.0 MPH)
|
Batting: RHB David Redman
|
0-0: Ground out 5-3 (Groundball, 56S, EV 80.6 MPH)
|
Batting: SHB Mark Paquin
|
0-0: Called Strike 0-1: Ball 1-1: Ball 2-1: Called Strike 2-2: Strikes out looking
|
Bottom of the 2nd over - 0 runs, 0 hits, 0 errors, 0 left on base; Pulaski 0 - Texas (APP) 0 |
TOP OF THE 3RD |
Pulaski Yankees batting - Pitching for Texas (APP) Rangers : RHP Tyler Bach
|
Batting: RHB Jordan Barragan
|
0-0: Ball 1-0: Called Strike 1-1: Ground out 5-3 (Groundball, 15, EV 86.3 MPH)
|
Batting: RHB Roberto Tena
|
0-0: SINGLE (Flyball, 8LS, EV 90.6 MPH)
|
Batting: LHB Joel Vera
|
0-0: Swinging Strike 0-1: Ball 1-1: Called Strike 1-2: Ball 2-2: Ball 3-2: Foul Ball, location: 2F 3-2: Fielders Choice at 2nd, 5-4 (Groundball, 56, EV 101.9 MPH)
|
Batting: LHB Dan Morris
|
Pickoff Play to 1st, Runner tries for 2nd, SAFE after rundown. 0-0: Called Strike 0-1: Foul Ball, location: 2F 0-2: Foul Ball, location: 2F 0-2: Ball 1-2: Ball 2-2: Ground out 5-3 (Groundball, 5, EV 86.3 MPH)
|
Top of the 3rd over - 0 runs, 1 hit, 0 errors, 1 left on base; Pulaski 0 - Texas (APP) 0 |
BOTTOM OF THE 3RD |
Texas (APP) Rangers batting - Pitching for Pulaski Yankees : RHP Eric Aguilar
|
Batting: RHB Matt Silva
|
0-0: Ball 1-0: Called Strike 1-1: Ball 2-1: Foul Ball, location: 2F 2-2: Foul Ball, location: 2F 2-2: Fly out, F9 (Flyball, 89S, EV 82.5 MPH)
|
Batting: RHB Alex Lopez
|
0-0: SINGLE (Groundball, 56D, EV 95.0 MPH)
|
Batting: SHB Albert Ortiz
|
0-0: Ball 1-0: Ball 2-0: Foul Ball, location: 2F 2-1: Foul Ball, location: 2F 2-2: Foul Ball, location: 2F 2-2: Ball 3-2: Base on Balls Alex Lopez to second
|
Batting: LHB Walter Vegter
|
0-0: Ball 1-0: Ball 2-0: Ball 3-0: Called Strike 3-1: Fielders Choice at 2nd, 5-4 (Groundball, 56, EV 97.5 MPH) Alex Lopez to third
|
Batting: RHB Jay De Angelis
|
0-0: Ball Wild Pitch! Alex Lopez scores Walter Vegter to second 1-0: Ball 2-0: Ball 3-0: Base on Balls
|
Batting: LHB Tomoya Hashimoto
|
0-0: Called Strike 0-1: Ball 1-1: Fly out, F8 (Line Drive, 8RM, EV 111.9 MPH)
|
Bottom of the 3rd over - 1 run, 1 hit, 0 errors, 2 left on base; Pulaski 0 - Texas (APP) 1 |
TOP OF THE 4TH |
Pulaski Yankees batting - Pitching for Texas (APP) Rangers : RHP Tyler Bach
|
Batting: SHB Blake Abbott
|
0-0: Foul Ball, location: 2F 0-1: Swinging Strike 0-2: Foul Ball, location: 2F 0-2: DOUBLE (Flyball, 78D, EV 95.0 MPH)
|
Batting: RHB Bobby Melillo
|
0-0: Ball 1-0: Swinging Strike 1-1: Foul Ball, location: 2F 1-2: Ball 2-2: SINGLE (Line Drive, 8RS, EV 99.4 MPH) Blake Abbott to third
|
Batting: RHB Colby Macon
|
0-0: Ball 1-0: Swinging Strike 1-1: DOUBLE (Groundball, 5L, EV 99.4 MPH) Blake Abbott scores Bobby Melillo to third
|
Batting: SHB Joe Fure
|
0-0: Called Strike 0-1: Ball 1-1: Swinging Strike 1-2: Foul Ball, location: 2F 1-2: Ball 2-2: Ground out 4-3 (Groundball, 4, EV 78.1 MPH) Bobby Melillo scores Colby Macon to third
|
Batting: RHB Johannes Gutermuth
|
0-0: Ball Passed Ball! Colby Macon scores 1-0: Ball 2-0: Swinging Strike 2-1: Ball 3-1: Foul Ball, location: 2F 3-2: Strikes out swinging
|
Batting: RHB Jordan Barragan
|
0-0: Ball 1-0: Ball 2-0: Swinging Strike 2-1: Ball 3-1: Swinging Strike 3-2: Ground out 5-3 (Groundball, 56S, EV 68.1 MPH)
|
Top of the 4th over - 3 runs, 3 hits, 0 errors, 0 left on base; Pulaski 3 - Texas (APP) 1 |
BOTTOM OF THE 4TH |
Texas (APP) Rangers batting - Pitching for Pulaski Yankees : RHP Eric Aguilar
|
Batting: RHB Robby Adair
|
0-0: Called Strike 0-1: Foul Ball, location: 2F 0-2: Strikes out swinging
|
Batting: RHB David Redman
|
0-0: Ball 1-0: Foul Ball, location: 2F 1-1: Foul Ball, location: 2F 1-2: Ball 2-2: Foul Ball, location: 2F 2-2: Fly out, F9 (Flyball, 89S, EV 78.1 MPH)
|
Batting: SHB Mark Paquin
|
0-0: Foul Ball, location: 2F 0-1: Foul Ball, location: 2F 0-2: Strikes out swinging
|
Bottom of the 4th over - 0 runs, 0 hits, 0 errors, 0 left on base; Pulaski 3 - Texas (APP) 1 |
TOP OF THE 5TH |
Pulaski Yankees batting - Pitching for Texas (APP) Rangers : RHP Tyler Bach
|
Batting: RHB Roberto Tena
|
0-0: Ball 1-0: Swinging Strike 1-1: Foul Ball, location: 2F 1-2: Foul Ball, location: 2F 1-2: Foul Ball, location: 2F 1-2: Ball 2-2: Ground out 6-3 (Groundball, 6, EV 81.9 MPH)
|
Batting: LHB Joel Vera
|
0-0: Ball 1-0: Swinging Strike 1-1: Called Strike 1-2: Ball 2-2: Ball 3-2: DOUBLE (Line Drive, 9LM, EV 96.9 MPH)
|
Batting: LHB Dan Morris
|
0-0: Ball 1-0: Ball 2-0: Called Strike 2-1: Foul Ball, location: 2F 2-2: Hit by Pitch
|
Batting: SHB Blake Abbott
|
0-0: Swinging Strike 0-1: Swinging Strike 0-2: Foul Ball, location: 2F 0-2: Ball 1-2: Ball 2-2: Fly out, F7 (Flyball, 7, EV 85.6 MPH) Runner from 2nd tags up, OUT at 3rd! 7-5
|
Top of the 5th over - 0 runs, 1 hit, 0 errors, 1 left on base; Pulaski 3 - Texas (APP) 1 |
BOTTOM OF THE 5TH |
Texas (APP) Rangers batting - Pitching for Pulaski Yankees : RHP Eric Aguilar
|
Batting: RHB Matt Silva
|
0-0: Called Strike 0-1: Foul Ball, location: 2F 0-2: Foul Ball, location: 2F 0-2: Ball 1-2: Fly out, F9 (Line Drive, 9D, EV 103.8 MPH)
|
Batting: RHB Alex Lopez
|
0-0: Ball 1-0: SINGLE (Groundball, 6, EV 100.0 MPH)
|
Batting: SHB Albert Ortiz
|
0-0: Ball 1-0: Foul Ball, location: 2F 1-1: Ball 2-1: Ball 3-1: SINGLE (Groundball, 4MD, EV 100.6 MPH) Alex Lopez to second Runner from 2nd tries for 3rd, SAFE, throw by CF made to third
|
Batting: LHB Walter Vegter
|
0-0: Called Strike 0-1: Foul Ball, location: 2F 0-2: Ball 1-2: Strikes out swinging
|
Batting: RHB Jay De Angelis
|
0-0: Called Strike 0-1: Foul Ball, location: 2F 0-2: Ball 1-2: Ball 2-2: Foul Ball, location: 2F 2-2: Ball 3-2: Strikes out looking
|
Bottom of the 5th over - 0 runs, 2 hits, 0 errors, 2 left on base; Pulaski 3 - Texas (APP) 1 |
TOP OF THE 6TH |
Pulaski Yankees batting - Pitching for Texas (APP) Rangers : RHP Tyler Bach
|
Pitching: RHP Tim Laverty
|
|
Batting: RHB Bobby Melillo
|
0-0: Called Strike 0-1: Swinging Strike 0-2: Ground out 6-3 (Groundball, 6, EV 92.5 MPH)
|
Batting: RHB Colby Macon
|
0-0: Ball 1-0: Ball 2-0: Foul Ball, location: 2F 2-1: Ball 3-1: Foul Ball, location: 2F 3-2: Ground out 6-3 (Groundball, 6S, EV 85.6 MPH)
|
Batting: SHB Joe Fure
|
0-0: Ball 1-0: Foul Ball, location: 2F 1-1: Ball 2-1: Ball 3-1: Foul Ball, location: 2F 3-2: Base on Balls
|
Batting: RHB Johannes Gutermuth
|
0-0: Ball Joe Fure is caught stealing 2nd base 2-4
|
Top of the 6th over - 0 runs, 0 hits, 0 errors, 0 left on base; Pulaski 3 - Texas (APP) 1 |
BOTTOM OF THE 6TH |
Texas (APP) Rangers batting - Pitching for Pulaski Yankees : RHP Eric Aguilar
|
Pitching: RHP Bill Kaiser
|
|
Batting: LHB Tomoya Hashimoto
|
0-0: Called Strike 0-1: Foul Ball, location: 2F 0-2: Ball 1-2: Foul Ball, location: 2F 1-2: Ball 2-2: SINGLE (Line Drive, 34D, EV 101.3 MPH)
|
Batting: RHB Robby Adair
|
0-0: Ball 1-0: Foul Ball, location: 2F 1-1: SINGLE (Flyball, 4D, EV 88.8 MPH) Tomoya Hashimoto to second
|
Batting: RHB David Redman
|
0-0: Ball 1-0: Foul Ball, location: 2F 1-1: Swinging Strike 1-2: Ball 2-2: Strikes out swinging
|
Batting: SHB Mark Paquin
|
0-0: Called Strike 0-1: Swinging Strike 0-2: Ball 1-2: Grounds into double play, 3-6-3 (Groundball, 34, EV 103.8 MPH)
|
Bottom of the 6th over - 0 runs, 2 hits, 0 errors, 1 left on base; Pulaski 3 - Texas (APP) 1 |
TOP OF THE 7TH |
Pulaski Yankees batting - Pitching for Texas (APP) Rangers : RHP Tim Laverty
|
Pitching: LHP Andy Huguet
|
|
Batting: RHB Johannes Gutermuth
|
0-0: Called Strike 0-1: Swinging Strike 0-2: Foul Ball, location: 2F 0-2: Strikes out swinging
|
Batting: RHB Jordan Barragan
|
0-0: Ball 1-0: Ball 2-0: Foul Ball, location: 2F 2-1: Foul Ball, location: 2F 2-2: Strikes out swinging
|
Batting: RHB Roberto Tena
|
0-0: Ground out 5-3 (Groundball, 5, EV 99.4 MPH)
|
Top of the 7th over - 0 runs, 0 hits, 0 errors, 0 left on base; Pulaski 3 - Texas (APP) 1 |
BOTTOM OF THE 7TH |
Texas (APP) Rangers batting - Pitching for Pulaski Yankees : RHP Bill Kaiser
|
Pitching: RHP Jake Visconti
|
|
Batting: RHB Matt Silva
|
0-0: Called Strike 0-1: Swinging Strike 0-2: Foul Ball, location: 2F 0-2: Ball 1-2: Strikes out swinging
|
Pinch Hitting: LHB Steven Frederick
|
0-0: Called Strike 0-1: Ball 1-1: Called Strike 1-2: Ball 2-2: Foul Ball, location: 2F 2-2: Strikes out swinging
|
Batting: SHB Albert Ortiz
|
0-0: Called Strike 0-1: Ball 1-1: Called Strike 1-2: Ball 2-2: Ball 3-2: Strikes out swinging
|
Bottom of the 7th over - 0 runs, 0 hits, 0 errors, 0 left on base; Pulaski 3 - Texas (APP) 1 |
TOP OF THE 8TH |
Pulaski Yankees batting - Pitching for Texas (APP) Rangers : LHP Andy Huguet
|
Now at 2B: Mark Paquin
|
|
Now at SS: Rafael Tapia
|
|
Batting: LHB Joel Vera
|
0-0: Ball 1-0: Ball 2-0: Called Strike 2-1: Ball 3-1: Called Strike 3-2: Base on Balls
|
Batting: LHB Dan Morris
|
0-0: Bunt missed! 0-1: Hit by Pitch Joel Vera to second
|
Batting: SHB Blake Abbott
|
0-0: Called Strike 0-1: Called Strike 0-2: Ball 1-2: Foul Ball, location: 2F 1-2: Strikes out swinging
|
Batting: RHB Bobby Melillo
|
0-0: Foul Ball, location: 2F 0-1: SINGLE (Groundball, 56D, EV 98.1 MPH) Joel Vera to third Dan Morris to second Runner from 3rd tries for Home, SAFE, throw by LF to home Dan Morris to third Bobby Melillo to second
|
Batting: RHB Colby Macon
|
0-0: Ball 1-0: Called Strike 1-1: Called Strike 1-2: Foul Ball, location: 2F 1-2: Strikes out swinging
|
Batting: SHB Joe Fure
|
0-0: Called Strike 0-1: Foul Ball, location: 2F 0-2: Foul Ball, location: 2F 0-2: Strikes out swinging
|
Top of the 8th over - 1 run, 1 hit, 0 errors, 2 left on base; Pulaski 4 - Texas (APP) 1 |
BOTTOM OF THE 8TH |
Texas (APP) Rangers batting - Pitching for Pulaski Yankees : RHP Jake Visconti
|
Pitching: RHP Travis Tate
|
|
Batting: LHB Walter Vegter
|
0-0: Ball 1-0: DOUBLE (Line Drive, 78M, EV 105.6 MPH)
|
Pinch Hitting: LHB Justin Wheelock
|
0-0: Ball 1-0: Ground out 4-3 (Groundball, 34, EV 105.6 MPH) Walter Vegter to third
|
Pitching: LHP Steve Martin
|
|
Pinch Hitting: RHB Shawn Weber
|
0-0: Ball 1-0: Ball 2-0: Ball 3-0: Called Strike 3-1: Base on Balls
|
Batting: RHB Robby Adair
|
0-0: Called Strike 0-1: Fly out, F8 (Flyball, 8LS, EV 82.5 MPH)
|
Batting: RHB David Redman
|
0-0: Ball 1-0: Foul Ball, location: 2F 1-1: Swinging Strike 1-2: Foul Ball, location: 2F 1-2: Ball 2-2: Ball 3-2: Foul Ball, location: 2F 3-2: Base on Balls Shawn Weber to second
|
Batting: SHB Mark Paquin
|
0-0: Ball 1-0: Ball 2-0: Fielders Choice at 2nd, 6-4 (Groundball, 6, EV 87.5 MPH)
|
Bottom of the 8th over - 0 runs, 1 hit, 0 errors, 3 left on base; Pulaski 4 - Texas (APP) 1 |
TOP OF THE 9TH |
Pulaski Yankees batting - Pitching for Texas (APP) Rangers : LHP Andy Huguet
|
Pitching: RHP Logan Dietz
|
|
Now in LF: Justin Wheelock
|
|
Now in RF: Jeremy Palac
|
|
Batting: RHB Johannes Gutermuth
|
0-0: Ball 1-0: Foul Ball, location: 2F 1-1: Ball 2-1: Foul Ball, location: 2F 2-2: Ball 3-2: Foul Ball, location: 2F 3-2: Strikes out swinging
|
Batting: RHB Jordan Barragan
|
0-0: Called Strike 0-1: Ball 1-1: Foul Ball, location: 2F 1-2: Ball 2-2: Strikes out swinging
|
Batting: RHB Roberto Tena
|
0-0: Swinging Strike 0-1: Foul Ball, location: 2F 0-2: Strikes out looking
|
Top of the 9th over - 0 runs, 0 hits, 0 errors, 0 left on base; Pulaski 4 - Texas (APP) 1 |
BOTTOM OF THE 9TH |
Texas (APP) Rangers batting - Pitching for Pulaski Yankees : LHP Steve Martin
|
Pitching: RHP John Robidoux
|
|
Batting: RHB Matt Silva
|
0-0: Called Strike 0-1: Swinging Strike 0-2: Ball 1-2: Strikes out looking
|
Batting: RHB Rafael Tapia
|
0-0: Called Strike 0-1: Ball 1-1: Fly out, F9 (Flyball, 89S, EV 96.9 MPH)
|
Batting: SHB Albert Ortiz
|
0-0: Foul Ball, location: 2F 0-1: Called Strike 0-2: Strikes out swinging
|
Bottom of the 9th over - 0 runs, 0 hits, 0 errors, 0 left on base; Pulaski 4 - Texas (APP) 1 |
|